 Dungeon Crawl Stone Soup version 0.25-a0-420-g1cc7eeb0d1 (webtiles) character file.

Game seed: 6065751833884436831, levelgen mode: deterministic

30 ChaosChampion the Firebug (level 3, -1/24 HPs)
             Began as a Demonspawn Fire Elementalist on Jan 18, 2020.
             Killed from afar by Sigmund (11 damage)
             ... with a puff of flame
             ... on level 2 of the Dungeon.
             The game lasted 00:04:41 (1010 turns).

ChaosChampion the Firebug (DsFE)                    Turns: 1010, Time: 00:04:42

Health: -1/24      AC:  2    Str:  8    XL:     3   Next: 3%
Magic:  3/6        EV: 12    Int: 17    God:
Gold:   32         SH:  0    Dex: 13    Spells: 5/6 levels left

rFire    . . .     SeeInvis .   (no weapon)
rCold    . . .     Gourm    .   (no shield)
rNeg     . . .     Faith    .   a - +0 robe
rPois    .         Spirit   .   (no helmet)
rElec    .         Reflect  .   (no cloak)
rCorr    .         Harm     .   (no gloves)
MR       .....                  (no boots)
Stlth    ++........             (no amulet)
HPRegen  0.08/turn              (no ring)
MPRegen  0.10/turn              (no ring)

@: no status effects
A: claws 1, hooves 1
a: no special abilities


You were on level 2 of the Dungeon.
You were very hungry.

You visited 1 branch of the dungeon, and saw 2 of its levels.

You collected 32 gold pieces.

Inventory:

Missiles
 h - 25 sling bullets
Armour
 a - a +0 robe (worn)
Scrolls
 b - a scroll of enchant armour {unknown}
 d - 4 scrolls of identify {unknown}
 f - 2 scrolls of immolation {unknown}
 g - 2 scrolls of remove curse {unknown}
Potions
 e - a potion of heal wounds {unknown}
 i - a potion of brilliance {unknown}
 j - a potion of degeneration {unknown}
Comestibles
 c - 5 rations


   Skills:
 + Level 1.8 Dodging
 + Level 1.8 Stealth
 + Level 2.4 Spellcasting
 + Level 1.4 Conjurations
 + Level 3.3 Fire Magic


You had 5 spell levels left.
You knew the following spells:

 Your Spells              Type           Power        Failure   Level  Hunger
a - Foxfire               Conj/Fire      ##..         7%          1    #......

Your spell library contained the following spells:

 Spells                   Type           Power        Failure   Level  Hunger
 Conjure Flame            Conj/Fire      ##......     22%         3    ###....
 Inner Flame              Hex/Fire       #.......     28%         3    ###....
 Sticky Flame             Conj/Fire      ##......     56%         4    #####..
 Fireball                 Conj/Fire      ##........   89%         5    ######.


Dungeon Overview and Level Annotations

Branches:
Dungeon (2/15)

Altars:

Annotations:
D:2 Sigmund


Innate Abilities, Weirdness & Mutations

You have sharp fingernails.
You have large cloven feet.


Message History

You are too confused!
You are too confused!
You are too confused!
You are too confused!
You are too confused!
You are too confused!
You are too confused!
You are too confused!
You are too confused!
You are too confused!
Sigmund mumbles some strange words.
Sigmund flickers and vanishes!
Deactivating autopickup; reactivate with Ctrl-A.
Something hits you!
Ouch! That really hurt!
You feel less confused. Something hits you.
A puff of flame appears from out of thin air!
The puff of flame hits you!
You die...

...#..............<#.###..
#####.#.##..#................
+.......#...#§##.######.#....
#####.###...#§##.##.. .# .#
#.# #.#>#v##.##.#####
.######'###.#.#§##.##...
..........#.#.#....##.######
.......†...(#.#####.$......#
..............@............#
.........(#########........##
.................#..........#
.................#..........#
#######..........#..........+
#..........#..........#
#..........#..........#
#..........#..........#
#######################


There were no monsters in sight!

Vanquished Creatures
  A leopard gecko (D:2)
  A ball python (D:2)
  6 bats
  A giant cockroach (D:1)
  6 goblins (D:1)
  2 hobgoblins (D:1)
  6 kobolds
  3 rats
26 creatures vanquished.

Vanquished Creatures (others)
  57 foxfires
57 creatures vanquished.

Grand Total: 83 creatures vanquished

Notes
Turn   | Place    | Note
-------+----------+-------------------------------------------
     0 | D:1      | ChaosChampion the Demonspawn Fire Elementalist began the
                  | quest for the Orb.
     0 | D:1      | Reached XP level 1. HP: 13/13 MP: 3/3
   316 | D:1      | Reached skill level 3 in Fire Magic
   434 | D:1      | Gained mutation: You have large cloven feet. [demonic
                  | ancestry]
   434 | D:1      | Reached XP level 2. HP: 18/19 MP: 1/5
   964 | D:2      | Gained mutation: You have sharp fingernails. [demonic
                  | ancestry]
   964 | D:2      | Reached XP level 3. HP: 23/24 MP: 1/6
   996 | D:2      | Noticed Sigmund
  1010 | D:2      | Killed from afar by Sigmund

Levels and vault maps discovered:
D:1:      dpeg_arrival_renting, layout_loops_cross, minmay_pentomino_v2
D:2:      layout_basic, first_ration, uniq_sigmund

Skill      XL: |  1 |
---------------+----+-----
Fire Magic     | 3 |  3.3
Dodging        | |  1.8
Stealth        | |  1.8
Spellcasting   | |  2.4
Conjurations   | |  1.4

Action                   || total
-------------------------++-------
Melee: Unarmed           ||    49
       Kick              ||    11
 Cast: Foxfire           ||    50
Armor: Robe              ||    14
Dodge: Dodged            ||    45

Table legend:
 A = Non-vault XP
 B = Vault XP
 C = Vault XP percentage of total XP
 D = Non-vault monster count
 E = Vault monster count
 F = Vault count percentage of total count
                 A         B        C        D         E       F
            +---------+---------+-------+---------+---------+-------
      Total |      43 |       0 |   0.0 |      26 |       0 |   0.0
            +---------+---------+-------+---------+---------+-------
        D:1 |      34 |       0 |   0.0 |      21 |       0 |   0.0
        D:2 |       9 |       0 |   0.0 |       5 |       0 |   0.0
            +---------+---------+-------+---------+---------+-------
